[Event "87th Spanish Championship 2022"]
[Site "Linares"]
[Date "2022.08.13"]
[Round "4.32"]
[White "Alvarez Fernandez, Enrique"]
[Black "Donate Moreno, Silvia"]
[Result "1-0"]
[ECO "D38"]
[WhiteElo "2329"]
[BlackElo "1962"]
[Annotator "TA"]
[PlyCount "111"]
[EventDate "2022.08.11"]
[EventType "swiss"]
[EventCountry "ESP"]
[SourceTitle "playchess.com"]
[Source "ChessBase"]
[SourceQuality "1"]
[TimeControl "5400+30"]

1. d4 Nf6 2. Nf3 d5 3. c4 e6 4. Nc3 Bb4 5. e3 O-O 6. Bd3 dxc4 7. Bxc4 b6 8. O-O Bb7 9. a3 Bxc3 10. bxc3 c5 {[%emt 0:00:11] E52: Nimzo-Indian: Rubinstein: 4...0-0 5 Nf3 d5 6 Bd3 b6.} 11. Bb2 Qc7 12. Bd3 c4 {[%emt 0:03:08] [#] The position is equal.} 13. Be2 $146 ({Predecessor:} 13. Bc2 Nbd7 14. Re1 Ne4 15. a4 f5 16. Nd2 Nxd2 17. Qxd2 Be4 18. f3 Bxc2 19. Qxc2 {½-½ (45) Hildebrand,G (2324)-Willow,M (2261) ICCF email 2016}) 13... Nbd7 14. Qa4 (14. a4 $11) 14... b5 $15 15. Qc2 ({Much weaker is} 15. Qxb5 Bxf3 16. gxf3 (16. Bxf3 $2 Rab8 $19) 16... Rab8 17. Qxc4 Qxc4 18. Bxc4 Rxb2 $17) 15... e5 (15... Be4 $5 16. Qc1 a6 $11) 16. a4 a6 17. Rfe1 Rfe8 18. Nd2 Rac8 19. axb5 axb5 20. Ba3 Qc6 {[%emt 0:03:45][%csl Gb7][%cal Rc6g2] [#]} 21. Bf3 e4 22. Be2 Qe6 23. Reb1 Bc6 24. Bb4 Ra8 25. Qb2 h5 26. Rxa8 Rxa8 27. Ra1 Rxa1+ 28. Qxa1 Nb6 29. Qa5 (29. Ba5 $5 Nbd5 30. Nb1 $11) 29... Bd7 30. Bd1 h4 (30... Nbd5 {seems wilder.} 31. Ba3 h4 32. Nb1 Qf5) 31. h3 Nfd5 32. Bc5 f5 33. Nb1 (33. Bxb6 $5 Nxb6 34. f3 $11) 33... Qg6 34. Bxb6 Nxb6 35. Qa7 Qd6 36. Qa5 Qg6 37. Bh5 Qf6 ({But not} 37... Qxh5 38. Qxb6 Qe8 39. Na3 $16) 38. Qb4 ({White should try} 38. Na3 $11) 38... Qf8 (38... Nd5 $15 39. Qc5 Qe6) 39. Qa5 $1 $11 Qf6 40. Nd2 Na4 41. Bd1 Nb2 42. Be2 Nd3 43. Qc7 Bc6 44. Nb1 f4 45. Bxd3 fxe3 $2 {[%emt 0:01:47] [#]} (45... cxd3 $11 {and Black has nothing to worry.} 46. exf4 Qe6 47. Qd8+ Kf7 48. Qc7+ (48. Qxh4 e3 $17) 48... Kg8 49. Qb8+ Kh7) 46. Bxc4+ $1 $18 bxc4 47. fxe3 $11 {[%emt 0:00:08][%mdl 4096] Endgame Black must now prevent Nd2. KQB-KQN} Qh6 48. Kf2 {[%emt 0:00:49] Nd2 is the strong threat.} Qf6+ 49. Qf4 {[%emt 0:01:20] aiming for Qxf6.} Qe7 50. Nd2 Bd5 (50... Qa3 $142) 51. Ke2 g5 $2 (51... g6 {is more resistant.} 52. Nf1 Bf7) 52. Qf5 $18 Bb7 53. Kf2 Kh8 54. Nxc4 Qc7 55. Ne5 Qxc3 56. Qf6+ {[%emt 0:00:05] Weighted Error Value: White=0.16 (very precise) /Black=0.47} 1-0

[Event "87th Spanish Championship 2022"]
[Site "Linares"]
[Date "2022.08.13"]
[Round "4.33"]
[White "Garcia Garcia, Samuel"]
[Black "Lin, Yingrui"]
[Result "1/2-1/2"]
[ECO "B22"]
[WhiteElo "2084"]
[BlackElo "2314"]
[Annotator "TA"]
[PlyCount "131"]
[EventDate "2022.08.11"]
[EventType "swiss"]
[EventCountry "ESP"]
[SourceTitle "playchess.com"]
[Source "ChessBase"]
[SourceQuality "1"]
[TimeControl "5400+30"]

1. e4 c5 2. c3 Nf6 3. e5 Nd5 4. Nf3 Nc6 5. Bc4 Nb6 6. Bb3 c4 7. Bc2 d6 8. exd6 Qxd6 9. O-O Bg4 {[%emt 0:00:06] B22: Sicilian: 2 c3.} 10. h3 Bh5 11. Re1 {[%emt 0:00:17] Inhibits Ne5.} e6 {[%emt 0:00:06][%cal Oc6e5] White has an edge.} 12. b3 cxb3 13. axb3 {[%emt 0:00:05] [#]} Qc7 $146 ({Predecessor:} 13... Be7 14. d4 O-O 15. Nbd2 Rad8 16. Qe2 Nd5 17. Ne4 Qc7 18. Ng3 Nxc3 19. Qd3 Bg6 20. Qxc3 {0-1 (51) Gumularz,S (2534)-Klekowski,M (2510) Bydgoszcz 2021}) 14. Be4 Be7 15. d4 O-O 16. g4 (16. Qd3 $5 ) 16... Bg6 17. Bxg6 hxg6 18. Nbd2 Nd5 19. Ne4 Rad8 (19... f5 $5 20. Neg5 Nxc3 21. Nxe6 Qc8 $11) 20. Bd2 Nf4 21. Bxf4 Qxf4 22. Ng3 Rd5 23. Qe2 Rfd8 24. Qe3 Qc7 25. Qd3 R5d7 26. Qc4 a6 27. Kg2 b5 28. Qe2 (28. Qd3 $11 {remains equal.}) 28... b4 $17 29. cxb4 Nxb4 30. Rec1 Qb6 31. Ne4 ({White should play} 31. Qe4) 31... a5 (31... Bf6 $17 32. Nxf6+ gxf6) 32. Nc5 $15 Rd5 (32... Rc7 $17) 33. Nd3 (33. Na4 $15 Qb7 34. Qe4) 33... Nc6 (33... Nxd3 $17 34. Qxd3 Bf6) 34. Nf4 $11 R5d6 35. d5 Nd4 $132 {[%emt 0:01:17][%mdl 2048] Black puts up resistance} 36. Nxd4 Qxd4 37. Ra4 Qf6 (37... Qa7 $11) 38. dxe6 $14 g5 39. exf7+ Qxf7 40. Rc7 Re8 (40... R8d7 $142 41. Rxd7 Rxd7) 41. Nh5 $16 {[%emt 0:02:25] Re4 is the strong threat. White is more active.} ({Worse is} 41. Re4 gxf4 42. f3 (42. Rexe7 $2 f3+ 43. Kg3 fxe2 $19) 42... Kf8 $17) 41... Qd5+ {[%emt 0:06:52] [#]} 42. Qe4 $1 Bf8 43. Qxd5+ Rxd5 44. Rac4 Rd2 45. Rc2 ({White should try} 45. Ng3 $16) 45... Rxc2 $14 46. Rxc2 {[%emt 0:00:01][%mdl 4096] Endgame KRB-KRN} Rb8 47. Rc3 Bb4 48. Rd3 Rb7 49. Ng3 Be7 50. Rd5 Rxb3 51. Rxa5 Kf7 52. Ne4 Kg6 53. Ra6+ Bf6 54. Nxf6 gxf6 {[%emt 0:00:02] KR-KR} 55. f3 Rb2+ 56. Kg3 Rb3 57. Ra2 Rc3 58. Rf2 f5 {[%emt 0:01:05] The position is equal.} 59. gxf5+ Kxf5 60. Ra2 Rc4 61. Ra5+ Kf6 62. Ra8 Rb4 63. Rf8+ Kg6 64. Re8 Ra4 65. Re4 Ra1 66. Rb4 {[%emt 0:00:57] Weighted Error Value: White=0.09 (flawless) /Black=0.11 (very precise)} 1/2-1/2

[Event "87th Spanish Championship 2022"]
[Site "Linares"]
[Date "2022.08.13"]
[Round "4.34"]
[White "Del Prado Rodriguez, Xulio"]
[Black "Montesinos Diaz, Luis"]
[Result "1-0"]
[ECO "D25"]
[WhiteElo "2282"]
[BlackElo "1949"]
[Annotator "TA"]
[PlyCount "77"]
[EventDate "2022.08.11"]
[EventType "swiss"]
[EventCountry "ESP"]
[SourceTitle "playchess.com"]
[Source "ChessBase"]
[SourceQuality "1"]
[TimeControl "5400+30"]

1. d4 d5 2. c4 dxc4 3. Nf3 Nf6 4. e3 a6 5. Bxc4 e6 6. O-O b5 7. Bd3 Bb7 8. a4 b4 9. Nbd2 {[%emt 0:00:09] D26: Queen's Gambit Accepted: 4 e3 e6 5 Bxc5 c5 sidelines.} Nbd7 10. Qe2 c5 11. Nc4 $1 {[%emt 0:00:06] The position is equal. 11.Nc4 scores better than 11.e4.} Be7 12. e4 {[%emt 0:00:07][%cal Od4d5,Be3e4,Be4e5][%mdl 32] is the legacy move (12.Rd1).} cxd4 13. e5 ({But not} 13. Nxd4 Nc5 14. Bc2 Ncxe4 $15) 13... Nd5 14. Nxd4 {[%emt 0:02:47] [#]} Nf8 $146 {[%emt 0:02:56] [#]} (14... Nc5 $14) ({Predecessor:} 14... Nc5 15. Bc2 Nb6 16. Nd6+ Bxd6 17. exd6 O-O 18. Bf4 Nd5 19. Bg3 Qf6 20. Rfd1 Rac8 {½-½ (39) Can,E (2604)-Godena,M (2489) Heraklion 2017}) 15. Bg5 $1 $18 {[%emt 0:12:45][%cal Oc4d6] Threatens to win with Nd6+!} Qb8 {[%emt 0:07:58] Prevents Nd6+.} (15... Nf4 16. Bxf4 Qxd4) 16. Bxe7 Kxe7 17. f4 Qa7 18. Qf2 {[%emt 0:00:08] Strongly threatening f5.} Ng6 19. f5 Ngf4 20. Qh4+ f6 21. Rxf4 Nxf4 22. Qxf4 {[%emt 0:06:08] exf6+ would kill now.} ({Weaker is} 22. exf6+ gxf6 23. Qxf4 Rhd8 $17) 22... Rhd8 23. Nd6 fxe5 {[%emt 0:01:22] [#]} 24. Qxe5 $1 Rxd6 25. Qxg7+ Ke8 26. Qg8+ Ke7 27. Qg7+ Ke8 28. Qg8+ (28. Qh8+ $142 Kd7 29. Qxh7+ Kd8 30. Qh8+ Kc7 31. Qg7+ Kd8 32. Qf6+ Ke8 33. Qh8+ Kd7 34. fxe6+ Rxe6 35. Qg7+ Kd6 36. Kh1 Bxg2+ 37. Qxg2 Qxd4 38. Qxa8 Qd5+ 39. Qxd5+ Kxd5 40. Rd1) 28... Ke7 29. Qxh7+ Kf6 30. Qh4+ {[%emt 0:02:10] White mates.} Ke5 31. Re1+ Kd5 32. Qe4+ Kc5 33. Qe5+ Bd5 34. Rc1+ Kb6 35. Qxd6+ Ka5 36. Rc5+ Kxa4 37. Bc2+ b3 {[%emt 0:00:13] [#]} 38. Rc4+ $3 Bxc4 (38... Ka5 39. Qb4#) 39. Qa3# {Black did not feel at home in the position after the opening.  Weighted Error Value: White=0.43/Black=0.63} 1-0

[Event "87th Spanish Championship 2022"]
[Site "Linares"]
[Date "2022.08.13"]
[Round "4.36"]
[White "Ordonez Torres, Maria Del Carmen"]
[Black "Esquivias Quintero, Luis Manuel"]
[Result "0-1"]
[ECO "B67"]
[WhiteElo "2056"]
[BlackElo "2299"]
[Annotator "TA"]
[PlyCount "79"]
[EventDate "2022.08.11"]
[EventType "swiss"]
[EventCountry "ESP"]
[SourceTitle "playchess.com"]
[Source "ChessBase"]
[SourceQuality "1"]
[TimeControl "5400+30"]

1. e4 c5 2. Nf3 d6 3. d4 cxd4 4. Nxd4 Nf6 5. Nc3 Nc6 6. Bg5 Bd7 7. Qd2 a6 8. O-O-O e6 9. f3 Nxd4 10. Qxd4 b5 {[%emt 0:01:03] B67: Sicilian: Richter-Rauzer: 7...a6 8 0-0-0 Bd7, lines without 9 f4 Be7.} 11. e5 dxe5 12. Qxe5 Be7 {[%emt 0:04:29] The position is equal.} 13. h4 {[%emt 0:08:37] [#]} Qb8 $146 ({Predecessor:} 13... Rc8 14. Kb1 Rc5 15. Qe3 Qc7 16. Bxf6 gxf6 17. Ne4 Rc6 18. g4 e5 19. Rh2 Be6 {1-0 (50) Solodovnichenko,Y (2573)-Idani,P (2595) Konya 2019}) 14. Qd4 Qa7 15. Qd2 Bc6 16. Bd3 O-O 17. h5 h6 {[%emt 0:00:45] [#]} (17... Rfd8 $11) 18. Bxh6 $1 $16 gxh6 19. Qxh6 {[%emt 0:00:18] aiming for Rh4.} Rfd8 (19... Qc5 $2 20. Rh4 Qf5 21. Bxf5 $18) ({Black should play} 19... Rad8 $1 $14) 20. Rh3 $18 Qf2 {[%emt 0:01:40][%cal Of6e4] Prevents Rg3+.} 21. Rf1 $1 $36 {[%emt 0:05:46][%mdl 2048] White is in control.} (21. Qg5+ Kf8 22. h6 (22. Rg3 $2 Bc5 $19) (22. Qh6+ $2 Ke8 $19) 22... Ne8 $11) 21... Qxg2 22. Rhh1 Bc5 {[%emt 0:06:29] Against Rfg1. Hoping for ...Qg7.} (22... Bxf3 $2 23. Rhg1 Rxd3 24. cxd3 $18) 23. Qxf6 {[%emt 0:01:49] Threatening mate with h6.} Bd4 24. Qf4 ({Don't play} 24. Qh6 $6 Qg7 25. Qf4 Be5 $16) 24... Qg7 25. Rh4 (25. Kb1 $1 $18) 25... Qf6 {[%emt 0:03:55] And now ...Qxf4+ would win.} 26. Qg3+ Kh8 27. Rg4 $2 (27. Kb1 $16 {and life is bright.}) 27... Bxc3 $19 28. bxc3 {[%emt 0:00:19] [#]} Rxd3 $1 {[%emt 0:00:12] The board is on fire.} (28... Qxc3 $2 {[#]} 29. Qf4 $1 Qa1+ 30. Kd2 $18) 29. cxd3 $2 (29. Rg1 Rdd8 30. Kb1) 29... Qxc3+ 30. Kb1 {[%emt 0:00:33] Rc1 is the strong threat.} Qxd3+ 31. Kb2 {[%emt 0:00:10] White threatens Qe5+ and mate.} Qe2+ (31... Qxf1 $2 {is a self mate.} 32. Qe5+ f6 33. Qxf6+ Kh7 34. Qg7#) 32. Ka3 b4+ (32... Qxf1 $2 {gets mated.} 33. Qe5+ f6 34. Qxf6+ Kh7 35. Qg7#) 33. Rxb4 {[%emt 0:07:59] Black must now prevent Rg1.} Qxf1 34. Qe5+ Kh7 {[%emt 0:00:28] Strongly threatening ...a5.} 35. Rf4 Qc1+ {[%emt 0:02:35] Black mates.} 36. Kb4 {[%emt 0:00:10] [#]} Rb8+ $3 37. Qxb8 Qb2+ 38. Kc5 Qxb8 39. Rxf7+ Kg8 40. Kd4 {Weighted Error Value: White=0.72/Black=0.19 (very precise)} 0-1

[Event "87th Spanish Championship 2022"]
[Site "Linares"]
[Date "2022.08.14"]
[Round "5.1"]
[White "Iturrizaga Bonelli, Eduardo"]
[Black "Santos Latasa, Jaime"]
[Result "1/2-1/2"]
[ECO "D45"]
[WhiteElo "2619"]
[BlackElo "2675"]
[Annotator "TA"]
[PlyCount "55"]
[EventDate "2022.08.11"]
[EventType "swiss"]
[EventCountry "ESP"]
[SourceTitle "playchess.com"]
[Source "ChessBase"]
[SourceQuality "1"]
[TimeControl "5400+30"]

1. d4 Nf6 2. Nf3 d5 3. c4 e6 4. Nc3 c6 5. e3 Nbd7 6. Qc2 Bd6 7. b3 O-O 8. Be2 b6 9. O-O Bb7 10. Bb2 Qe7 11. Rfe1 Rfe8 12. Rad1 Rad8 {[%emt 0:00:04] The position is equal.} 13. e4 {[%emt 0:00:04] D45: Semi-Slav: 5 e3.} Nxe4 14. Nxe4 dxe4 15. Qxe4 Bb4 16. Rf1 (16. Bd3 Nf6 17. Qh4 Bxe1 18. Rxe1 g6 $17) 16... Bd6 17. Rfe1 Bb4 18. Rf1 ({But not} 18. Bd3 Nf6 19. Qh4 Bxe1 20. Rxe1 g6 $17) 18... Bd6 19. Rfe1 Bb4 {[#] A rather calm draw.  Weighted Error Value: White=0.02 (flawless) /Black=0.01 (flawless)} {Predecessor:} 20. Nd2 $146 Nf6 21. Qc2 c5 22. a3 Ba5 23. Bf1 Qc7 24. d5 exd5 25. Bxf6 gxf6 26. Rxe8+ Rxe8 27. cxd5 Bxd2 28. Qxd2 {0-1 (50) Kuzubov,Y (2592)-Gelfand,B (2650) Riga 2021} 1/2-1/2

[Event "87th Spanish Championship 2022"]
[Site "Linares"]
[Date "2022.08.14"]
[Round "5.2"]
[White "Yuffa, Daniil"]
[Black "Garcia Martin, Marta"]
[Result "1-0"]
[ECO "D30"]
[WhiteElo "2603"]
[BlackElo "2305"]
[Annotator "TA"]
[PlyCount "59"]
[EventDate "2022.08.11"]
[EventType "swiss"]
[EventCountry "ESP"]
[SourceTitle "playchess.com"]
[Source "ChessBase"]
[SourceQuality "1"]
[TimeControl "5400+30"]

1. d4 d5 2. c4 e6 3. Nf3 Nf6 4. g3 Bb4+ 5. Bd2 Be7 6. Bg2 Nbd7 7. O-O c6 8. Qc2 b6 9. Bf4 O-O 10. Nbd2 $1 {[%emt 0:02:20][%mdl 4] outshines the older 10.Rd1.} Bb7 11. e4 {[%emt 0:06:09] E08: Closed Catalan: Main Line: 7 Qc2.} c5 12. cxd5 exd5 13. e5 {[%emt 0:00:21] The position is equal.} Ne8 {[%emt 0:02:43] [#]} 14. Rad1 $146 ({Predecessor:} 14. Qf5 Nc7 15. Ng5 Bxg5 16. Bxg5 Qe8 17. Be3 cxd4 18. Bxd4 Nb5 19. Nf3 Nxd4 20. Nxd4 {0-1 (73) Kobylkin,E (2425)-Zagrebelny,S (2540) Krasnodar 2003}) 14... Nc7 15. Nb1 Ne6 16. Nc3 Rc8 17. Qf5 g6 18. Qh3 Nxf4 (18... Nb8 $14) 19. gxf4 $16 cxd4 {[%emt 0:03:07] A mistake that costs the game.} (19... Re8 $16) 20. Nxd4 $18 Nc5 21. f5 Re8 22. b4 Na6 (22... Bf8 {is a better defense.} 23. bxc5 bxc5) 23. e6 f6 24. fxg6 {[%emt 0:01:38] White mates.} hxg6 {[%emt 0:00:05] [#]} 25. Qh6 $1 Rxc3 (25... Rc7 26. Qxg6+) 26. Qxg6+ Kh8 27. Qh6+ Kg8 28. Nf5 Bf8 29. Qg6+ Kh8 30. Rd4 {[%emt 0:00:36][%mdl 64] Decoy.  Weighted Error Value: White=0.00 (flawless) /Black=0.84} 1-0

[Event "87th Spanish Championship 2022"]
[Site "Linares"]
[Date "2022.08.14"]
[Round "5.3"]
[White "Cuenca Jimenez, Jose Fernando"]
[Black "Silva Lucena, Cristian"]
[Result "1/2-1/2"]
[ECO "E71"]
[WhiteElo "2552"]
[BlackElo "2212"]
[Annotator "TA"]
[PlyCount "122"]
[EventDate "2022.08.11"]
[EventType "swiss"]
[EventCountry "ESP"]
[SourceTitle "playchess.com"]
[Source "ChessBase"]
[SourceQuality "1"]
[TimeControl "5400+30"]

1. d4 Nf6 2. c4 g6 3. Nc3 Bg7 4. e4 d6 5. h3 O-O 6. Be3 c5 7. d5 e6 8. Bd3 exd5 9. exd5 Re8 10. Nf3 Rxe3+ {[%emt 0:00:11] E90: King's Indian: Classical: Early deviations and 6 h3.} 11. fxe3 $16 Qe7 12. O-O Nbd7 {[%emt 0:00:17] White is better.} 13. Qe1 Ne5 14. Nxe5 Qxe5 {[%emt 0:00:02] [#]} 15. Rd1 $146 ({Predecessor:} 15. Rf3 Qe7 16. Qh4 Nxd5 17. Qxe7 Nxe7 18. Rd1 Bxc3 19. bxc3 Be6 20. Be4 Rd8 21. Bd5 Nxd5 22. cxd5 {½-½ (33) Zifroni,D (2448)-Flom,G (2506) Herzliya 2019}) 15... Bd7 16. Rf3 Rf8 17. Qh4 g5 (17... h6 $142) 18. Qg3 $1 Qxg3 19. Rxg3 g4 20. hxg4 Nxg4 21. Ne4 (21. Rf1 $142) 21... Be5 22. Rf3 f5 23. Nf2 f4 $1 24. exf4 Bd4 {[%emt 0:02:02] [#]} 25. g3 $1 Re8 $1 {[%emt 0:00:37] Inhibits Re1.} (25... Ne5 26. Kg2 Nxf3 27. Kxf3 $16) 26. Bf1 Re3 27. Rd3 {[%emt 0:00:03] Hoping for Rfxe3.} ({Much weaker is} 27. Rxe3 Bxe3 28. Kg2 Bxf2 $17) 27... Nxf2 28. Rxf2 ({Don't blunder} 28. Rdxe3 $2 Nd1 29. Kh2 Nxe3 $19) 28... Rxd3 29. Bxd3 $14 {[%emt 0:00:03][%mdl 4096] Endgame KRB-KB} Bh3 30. Bf1 Bf5 {[%emt 0:00:16] [#]} 31. Be2 $1 Bh3 32. g4 Kg7 {[%emt 0:01:11] [#]} 33. g5 h6 (33... Kg6 $1 $11) 34. gxh6+ $16 Kxh6 {[%emt 0:00:09] [#]} 35. Bf1 $1 Bg4 {[%emt 0:06:32] [#]} (35... Bf5 36. Kg2) 36. Kg2 $1 {[%emt 0:00:08] Rc2 is the strong threat.} Bxf2 37. Kxf2 {[%emt 0:00:03] KB-KB} Kg7 38. Ke3 Kf6 39. Bd3 Bh5 40. Bh7 Bf7 41. Ke4 Bh5 42. Kd3 Bg4 43. Bg8 Bf5+ 44. Kc3 ({White should try} 44. Ke3 $16) 44... Bd7 (44... Kg7 $1 $11 {remains equal.} 45. Be6 Kf6) 45. Kd2 Bf5 46. Ke3 Bh3 47. Be6 Bf1 48. b3 a5 49. Bd7 Ke7 50. Bg4 a4 51. Kd2 axb3 52. axb3 Kf6 53. Be2 Bh3 {[%emt 0:00:09] [#]} 54. Bd3 $1 Bd7 55. Kc3 Kg7 56. Kb2 (56. b4 $16) 56... b6 57. Ka3 Kh6 {[%emt 0:00:12] The position is equal.} 58. b4 Kh5 59. Bc2 Kg4 60. f5 Kg5 61. Kb3 Kf6 {[%emt 0:00:13] Weighted Error Value: White=0.12 (very precise) /Black=0.10 (very precise)} 1/2-1/2

[Event "87th Spanish Championship 2022"]
[Site "Linares"]
[Date "2022.08.14"]
[Round "5.4"]
[White "Garriga Cazorla, Pere"]
[Black "Salgado Lopez, Ivan"]
[Result "1-0"]
[ECO "D35"]
[WhiteElo "2505"]
[BlackElo "2604"]
[Annotator "TA"]
[PlyCount "77"]
[EventDate "2022.08.11"]
[EventType "swiss"]
[EventCountry "ESP"]
[SourceTitle "playchess.com"]
[Source "ChessBase"]
[SourceQuality "1"]
[TimeControl "5400+30"]

1. d4 d5 2. c4 e6 3. Nc3 Nf6 4. cxd5 exd5 5. Bg5 c6 6. e3 Be7 {[%emt 0:00:15] 6...h6 is the fancy move.} 7. Bd3 Nbd7 8. h3 {[%emt 0:02:22] D35: Queen's Gambit Declined: Exchange Variation.} O-O 9. Qc2 Re8 10. Bf4 {[%emt 0:00:06] White has an edge.} g6 11. Nf3 Nh5 12. Bh2 Ng7 13. O-O-O {[%emt 0:35:49][%cal Oc3d5] [#] And now Nxd5! would win.} Nb6 $146 (13... Bf8 $11 {might be stronger.}) ({Predecessor:} 13... Qa5 14. Kb1 Nf6 15. g4 Be6 16. Ne5 Rac8 17. f4 Ne4 18. Bxe4 dxe4 19. f5 Bd5 20. fxg6 fxg6 {½-½ (46) Martin Duque,J (2176)-Rodriguez de Castro,A (2160) Madrid 2012}) 14. g4 $16 Bd7 15. Ne5 Rc8 16. Kb1 {[%emt 0:00:18][%cal Oh3h4] 0x0.001b806c20b0dp-1022s more active pieces.} a6 (16... Bb4 $16 {keeps fighting.}) 17. h4 $1 $18 c5 $2 {[%emt 0:07:56] [#] A mistake that costs the game.} (17... Bxh4 $16 18. Bf4 c5) 18. h5 $1 cxd4 19. hxg6 fxg6 {[%emt 0:00:09] [#]} 20. Bxg6 $1 dxc3 (20... hxg6 21. Qxg6) 21. Bf7+ (21. Bxh7+ Kf8 $18) 21... Kf8 22. Qxh7 (22. Bxe8 Qxe8 23. Nxd7+ Nxd7 24. bxc3 Rc5 $15) 22... Bf5+ 23. gxf5 c2+ 24. Ka1 cxd1=Q+ 25. Rxd1 Bf6 {[%emt 0:02:16] [#] White is clearly winning.} 26. Qg8+ $1 Ke7 27. Ng6+ Kd7 28. Bxe8+ Qxe8 29. Rxd5+ Kc6 30. Rd6+ Kc5 31. Qb3 Qb5 {[%emt 0:06:43][%cal Of6b2] Threatens to win with ...Bxb2+!} 32. Qa3+ Qb4 33. Qxb4+ Kxb4 34. a3+ ({Not} 34. Rxb6+ $2 Ka5 35. Kb1 (35. Bc7 $2 Rxc7 36. Kb1 Kxb6 $19) 35... Kxb6 $19) 34... Kb5 35. Rxf6 Rc1+ 36. Ka2 Rc2 37. Be5 Rxf2 38. e4 Re2 {[%emt 0:02:03] [#]} 39. Rxb6+ $1 {[%emt 0:00:15] Weighted Error Value: White=0.01 (flawless) /Black=0.42} 1-0

[Event "87th Spanish Championship 2022"]
[Site "Linares"]
[Date "2022.08.14"]
[Round "5.5"]
[White "Bernabeu Lopez, Carlos Javier"]
[Black "Perez Candelario, Manuel"]
[Result "0-1"]
[ECO "C07"]
[WhiteElo "2421"]
[BlackElo "2578"]
[Annotator "TA"]
[PlyCount "110"]
[EventDate "2022.08.11"]
[EventType "swiss"]
[EventCountry "ESP"]
[SourceTitle "playchess.com"]
[Source "ChessBase"]
[SourceQuality "1"]
[TimeControl "5400+30"]

1. e4 e6 2. d4 d5 3. Nd2 c5 4. exd5 Qxd5 5. Ngf3 cxd4 6. Bc4 Qd6 7. O-O Nf6 8. Nb3 Nc6 9. Nbxd4 Nxd4 10. Nxd4 Be7 11. Nb5 {[%emt 0:03:13] C07: French Tarrasch: 3...c5, 4 Ngf3 and 4 exd5 Qxd5.} Qc6 12. Qe2 a6 {[%emt 0:01:17] [#]} 13. Nc3 $146 (13. Bf4 $1 $11 O-O 14. Nd4) ({Predecessor:} 13. Nd4 Qc7 14. Re1 O-O 15. Bg5 Bd7 16. Bd3 Rfe8 17. c3 Nd5 18. Bxe7 Rxe7 19. Be4 {½-½ (99) Harika,D (2517)-Shimanov,A (2581) Chess.com INT 2022}) 13... b5 $15 14. Bd3 Bb7 15. f3 $1 O-O 16. Kh1 Qc7 $36 {[%emt 0:05:22][%mdl 2048] Black has some pressure.} 17. Qf2 b4 18. Ne2 Nd5 {[%emt 0:01:15] Black is more active.} 19. Qg3 Qxg3 20. Nxg3 a5 21. Rd1 Rfc8 22. Bd2 g6 23. Be4 (23. Rab1 $17) 23... f5 $19 24. Bxd5 Bxd5 25. c3 Bf6 26. Ne2 (26. a3 $17) 26... a4 27. a3 Bc4 {[%emt 0:03:18] A strong pair of Bishops.} 28. Re1 Rd8 29. Be3 bxa3 30. bxa3 Bxe2 31. Rxe2 Bxc3 32. Rc1 Rd3 33. g3 (33. Bc5 {was worth a try.}) 33... Bg7 34. Bc5 Rc8 ({Don't go for} 34... Rxf3 $2 35. Bb4 $19) 35. Kg2 (35. Rcc2 {keeps fighting.}) 35... Bf8 ({Wrong is} 35... Bd4 $2 36. Rec2 $19) 36. Rec2 Rxc5 37. Rxc5 Bxc5 38. Rxc5 Rxa3 {[%emt 0:00:03][%mdl 4096] Endgame KR-KR} 39. Rc7 $2 (39. g4) 39... Ra2+ {[%emt 0:00:44] Black is clearly winning.} 40. Kh3 a3 41. Ra7 h6 {[%emt 0:00:58] [#] ...e5 is the strong threat.} 42. f4 (42. g4 $142 Ra1 43. Ra6 fxg4+ 44. Kxg4) 42... Kf8 43. Ra8+ Ke7 44. Ra6 Kd7 45. g4 fxg4+ 46. Kxg4 Rxh2 (46... Ra1 $142 47. Ra7+ Kc6) 47. Rxa3 Ke7 48. Ra7+ Kf6 49. Ra8 Rb2 {[%emt 0:00:59] And now ...Rb3 would win.} 50. Rf8+ Kg7 51. Re8 Rb6 52. Ra8 (52. Kf3 $142 h5 53. Kf2) 52... Rb3 {[%emt 0:01:23] Strongly threatening ...h5+.} 53. Ra4 Re3 54. Ra8 h5+ 55. Kh4 Rf3 {[%emt 0:00:30] Black took control after the opening.  Weighted Error Value: White=0.55/Black=0.20 (precise)} 0-1